AoeStats
← TheAxSkirm

Arena

509182867Analyzed
3v3 RM · 7d ago on Sep 25, 2026· 42m 27s· 6 players
Game mode
Random Map
Map size
Normal (6 player)
Population
200
Speed
Normal
Resources
Standard
Victory
Conquest
Starting age
Dark Age
Ending age
Imperial Age
RankedLock teamsTeams togetherTeam positionsShared explorationLock speedFull tech treeHidden civsTurbo modeCheats
Victory
Defeat
🇩🇰 Spanish · Denmark
1164
+17
🇫🇷 Persians · France
1146
+18
🇬🇧 Franks · United Kingdom
1101
+20
🇬🇧 Franks · United Kingdom
1204
-19
🇹🇼 Vietnamese · Taiwan
1195
-19
🇺🇸 Ethiopians · United States
1163
-17
StuRat
7:31 Loom
11:11 Feudal Age
12:59 Double-Bit Axe
16:21 Castle Age
17:33 Bow Saw
20:56 Scale Mail Armor
23:40 Fletching
29:03 Imperial Age
27:14 Wheelbarrow
27:07 Forging
28:00 Gold Mining
28:29 Chain Mail Armor
28:39 Stone Mining
30:14 Conscription
33:30 Plate Mail Armor
33:37 Iron Casting
34:03 Elite Throwing Axeman
36:50 Block Printing
37:17 Conscription
38:13 Blast Furnace
40:45 Gold Shaft Mining
TheAxSkirm
10:28 Feudal Age
14:43 Castle Age
14:54 Double-Bit Axe
14:51 Horse Collar
31:11 Imperial Age
29:22 Wheelbarrow
29:27 Bloodlines
31:11 Scale Barding Armor
31:16 Capped Ram
32:12 Gold Mining
33:30 Chain Barding Armor
33:21 Forging
33:07 Fletching
34:40 Sanctity
34:45 Block Printing
34:19 Cavalier
35:37 Plate Barding Armor
35:40 Iron Casting
37:14 Hand Cart
36:45 Loom
37:20 Bodkin Arrow
38:26 Blast Furnace
38:33 Blast Furnace
36:56 Paladin
40:08 Bracer
Bolchev
8:42 Feudal Age
9:10 Double-Bit Axe
9:14 Horse Collar
12:39 Loom
16:09 Castle Age
14:23 Gold Mining
16:07 Scale Barding Armor
17:38 Bloodlines
19:30 Wheelbarrow
20:36 Heavy Plow
21:21 Bow Saw
23:02 Town Watch
23:24 Stone Mining
25:21 Forging
25:07 Fletching
30:44 Imperial Age
28:41 Husbandry
29:34 Chain Barding Armor
29:30 Caravan
30:19 Iron Casting
31:06 Gold Shaft Mining
30:39 Cavalier
32:08 Hand Cart
33:18 Plate Barding Armor
33:32 Savar
36:47 Blast Furnace
38:42 Stone Shaft Mining
38:26 Bodkin Arrow
Haxte
9:39 Feudal Age
10:18 Double-Bit Axe
10:16 Horse Collar
16:34 Castle Age
16:01 Gold Mining
17:42 Bow Saw
18:11 Stone Mining
18:36 Heavy Plow
20:13 Loom
19:57 Crossbowman
20:32 Fletching
24:56 Wheelbarrow
26:27 Bodkin Arrow
28:40 Padded Archer Armor
32:02 Leather Archer Armor
Searching for food
10:51 Feudal Age
15:03 Castle Age
13:53 Double-Bit Axe
17:06 Bow Saw
18:12 Loom
21:33 Scale Barding Armor
25:22 Gold Mining
27:19 Forging
31:59 Imperial Age
30:49 Chain Barding Armor
31:05 Iron Casting
32:37 Wheelbarrow
31:47 Town Watch
32:52 Chivalry
33:13 Conscription
32:42 Cavalier
33:33 Murder Holes
33:05 Cavalier
34:23 Plate Barding Armor
34:49 Blast Furnace
34:38 Fortified Wall
35:43 Paladin
37:46 Husbandry
40:29 Light Cavalry
Jason
8:13 Loom
10:47 Feudal Age
11:40 Double-Bit Axe
11:38 Horse Collar
11:49 Gold Mining
12:44 Wheelbarrow
17:32 Castle Age
17:36 Light Cavalry
18:27 Bloodlines
18:18 Husbandry
20:02 Heavy Plow
21:03 Bow Saw
21:42 Forging
23:56 Hand Cart
29:18 Town Watch
29:48 Fortified Wall
29:49 Masonry
33:07 Scale Barding Armor
33:38 Iron Casting
40:53 Imperial Age
38:27 Chatras
39:27 Chain Barding Armor
Connection lost

Rejoining the realm…

Still unreachable

The connection could not be restored.

Session expired

The server has moved on; the page needs a fresh start.